 Dungeon Sprint DCSS version 0.24-a0-282-g1a68c911f0 (webtiles) character file.

Game seed: 1073549164826334993

4900000 Hercules1031 the Formicid Barricade (level 27, -37/249 HPs)
             Began as a Formicid Fighter on May 2, 2019.
             Was the Champion of Makhleb.
             Annihilated by The Servant
             ... wielding a +9 glaive of flaming
              (59 damage)
             ... in the Dungeon (Sprint VIII: "Arena of Blood").
             The game lasted 00:03:23 (49 turns).

Hercules1031 the Formicid Barricade (FoFi)            Turns: 49, Time: 00:03:24

Health: -37/249    AC: 13    Str: 28    XL:     27
Magic:  26/54      EV: 26    Int: 12    God:    Makhleb [******]
Gold:   0          SH: 19    Dex: 12    Spells: 80/80 levels left

rFire    . . .     SeeInvis +   l - +∞ Axe of Woe
rCold    . . .     Gourm    .   c - +0 shield
rNeg     . . .     Faith    .   b - +0 scale mail
rPois    .         Spirit   .   (helmet unavailable)
rElec    .         Reflect  .   (no cloak)
rCorr    .         Harm     .   (no gloves)
MR       ++...                  (no boots)
Stlth    ++++++++..             (no amulet)
HPRegen  0.51/turn              (no ring)
MPRegen  0.34/turn              (no ring)

@: no status effects
A: permanent stasis, dig shafts and tunnels, four strong arms, antennae 3
a: Dig, Minor Destruction, Lesser Servant of Makhleb, Major Destruction, Greater
Servant of Makhleb, Renounce Religion


You were in the Dungeon.
You worshipped Makhleb.
Makhleb was exalted by your worship.
You were not hungry.

You visited 1 branch

Inventory:

Hand Weapons
 a - a +0 war axe
 l - the +∞ Axe of Woe (weapon)
   (You found it in the Dungeon)
Armour
 b - a +0 scale mail (worn)
 c - a +0 shield (worn)
Scrolls
 k - a scroll of blinking
Potions
 d - a potion of might
 e - a potion of curing
 g - a potion of heal wounds
 h - a potion of haste
 i - 2 potions of magic
 j - a potion of berserk rage
Comestibles
 f - a ration


   Skills:
 O Level 27 Fighting
 O Level 27 Axes
 O Level 27 Throwing
 O Level 27 Armour
 O Level 27 Dodging
 O Level 27 Stealth
 O Level 27 Shields
 O Level 27 Unarmed Combat
 O Level 27 Spellcasting
 O Level 27 Invocations


You had 80 spell levels left.
You didn't know any spells.
Your spell library was empty.

Dungeon Overview and Level Annotations

Branches:
Dungeon (1/1)

Altars:
Makhleb

Annotations:
D The Servant


Innate Abilities, Weirdness & Mutations

You cannot be hasted, slowed, berserked, paralysed or teleported.
You can dig through walls and to a lower floor.
Your four strong arms can wield two-handed weapons with a shield.
You have a pair of large antennae on your head. (SInv)


Message History

You feel better.
You slice the crawling corpse!!
You cleave the crawling corpse in twain.
You destroy the crawling corpse!
The meat berserker appears out of thin air!
A meat berserker comes into view. It is wielding a +9 battleaxe.
You hear a shout!
The meat berserker is engulfed in blazing flames.
The corpses begin to drag themselves along the ground!
You hear a shout!
The destroyer blinks!
You hear a shout!
The tyrant mumbles some strange words.
The tyrant seems to speed up.
You hear a shout!
The Servant is engulfed in blazing flames.
The Servant hits you from afar with a +9 glaive of flaming!!!!
Ouch! That really hurt!
* * * LOW HITPOINT WARNING * * *
The Servant burns you!!!
You die...

....... .........
#...... #.......#{
...#... #.o.....# {
#.{....###..zz...###.
..%...V.○.oo###......
....#L§§°)x.%_......
.O#.%○○)@°#.....#..
....x§)xO)#_.<._#
..#.OO°@..#.....#
..O%#.xO....._......
...ox..VV...###......
.......###.......###.
......O #.......#{{
....... #..... {#{
#...... ....L. ..
.#.#... ...


You could see 2 tyrants, The Servant, 3 destroyers, 2 sculptors of flesh, a
large bag of meat (inner flame), 6 meat berserkers, 2 small abominations, 4 bags
of meat and 3 crawling corpses.

Vanquished Creatures
  11 vampire knights (D)
  16 ogres (D)
  2 two-headed ogres (D)
  36 orcs (D)
  A skeletal warrior (D)
  5 large abominations (D)
  A small abomination (D)
  2 crawling corpses (D)
74 creatures vanquished.

Vanquished Creatures (others)
  3 crawling corpses (D)
3 creatures vanquished.

Grand Total: 77 creatures vanquished

Notes
Turn   | Place    | Note
-------+----------+-------------------------------------------
     0 | D        | Found the +∞ Axe of Woe
     0 | D        | Hercules1031 the Formicid Fighter began the quest for the
                  | Orb.
     0 | D        | Reached XP level 1. HP: 18/18 MP: 1/1
     2 | D        | Noticed a bag of meat
     4 | D        | Became a worshipper of Makhleb the Destroyer
     5 | D        | Noticed a meat berserker
     5 | D        | Noticed a bag of meat
     6 | D        | Noticed a bag of meat
     6 | D        | Noticed a meat berserker
     6 | D        | Noticed a bag of meat
     7 | D        | Killed a meat berserker
     7 | D        | Reached skill level 15 in Axes
     7 | D        | Reached XP level 2. HP: 46/46 MP: 2/2
     7 | D        | Reached XP level 3. HP: 52/52 MP: 3/3
     7 | D        | Reached XP level 4. HP: 59/59 MP: 4/4
     7 | D        | Reached XP level 5. HP: 65/65 MP: 5/5
     7 | D        | Reached XP level 6. HP: 73/73 MP: 6/6
     7 | D        | Reached XP level 7. HP: 79/79 MP: 7/7
     7 | D        | Reached XP level 8. HP: 86/86 MP: 8/8
     7 | D        | Reached XP level 9. HP: 92/92 MP: 9/9
     7 | D        | Reached XP level 10. HP: 99/99 MP: 10/10
     7 | D        | Reached XP level 11. HP: 106/106 MP: 11/11
     7 | D        | Reached XP level 12. HP: 113/113 MP: 12/12
     7 | D        | Reached XP level 13. HP: 119/119 MP: 13/13
     7 | D        | Noticed a bag of meat
     7 | D        | Noticed a bag of meat
     9 | D        | Killed a bag of meat
     9 | D        | Reached * piety under Makhleb
     9 | D        | Reached skill level 15 in Dodging
     9 | D        | Reached XP level 14. HP: 130/130 MP: 14/14
     9 | D        | Noticed a bag of meat
    10 | D        | Killed a meat berserker
    10 | D        | Reached XP level 15. HP: 141/141 MP: 15/15
    10 | D        | Reached XP level 16. HP: 150/150 MP: 16/16
    11 | D        | Reached ** piety under Makhleb
    12 | D        | Noticed a meat berserker
    13 | D        | Reached XP level 17. HP: 163/163 MP: 17/17
    13 | D        | Reached *** piety under Makhleb
    14 | D        | Reached XP level 18. HP: 175/175 MP: 18/18
    14 | D        | Noticed a meat berserker
    14 | D        | Noticed a meat berserker
    17 | D        | Killed a meat berserker
    17 | D        | Reached skill level 27 in Shields
    18 | D        | Noticed a meat berserker
    19 | D        | Killed a meat berserker
    19 | D        | Reached **** piety under Makhleb
    19 | D        | Reached skill level 27 in Fighting
    19 | D        | Reached skill level 27 in Armour
    19 | D        | Reached XP level 19. HP: 189/189 MP: 19/19
    19 | D        | Reached skill level 27 in Axes
    19 | D        | Reached skill level 27 in Dodging
    19 | D        | Reached XP level 20. HP: 197/197 MP: 19/29
    19 | D        | Killed a meat berserker
    20 | D        | Noticed a meat berserker
    20 | D        | Noticed a meat berserker
    20 | D        | Noticed a destroyer
    20 | D        | Noticed a meat berserker
    21 | D        | Reached ***** piety under Makhleb
    21 | D        | Reached skill level 15 in Invocations
    21 | D        | Reached XP level 21. HP: 204/204 MP: 19/39
    22 | D        | Reached skill level 15 in Throwing
    22 | D        | Reached skill level 15 in Unarmed Combat
    22 | D        | Reached skill level 15 in Spellcasting
    23 | D        | Noticed a large bag of meat
    23 | D        | Killed a meat berserker
    23 | D        | Reached XP level 22. HP: 212/212 MP: 19/45
    23 | D        | Noticed a destroyer
    23 | D        | Noticed a meat berserker
    25 | D        | Killed a meat berserker
    25 | D        | Reached ****** piety under Makhleb
    25 | D        | Reached skill level 27 in Stealth
    25 | D        | Reached XP level 23. HP: 219/219 MP: 20/49
    26 | D        | Noticed a destroyer
    26 | D        | Killed a destroyer
    26 | D        | Reached skill level 27 in Invocations
    27 | D        | Noticed a large bag of meat
    27 | D        | Noticed a destroyer
    27 | D        | Reached skill level 27 in Throwing
    27 | D        | Reached skill level 27 in Unarmed Combat
    27 | D        | Reached skill level 27 in Spellcasting
    27 | D        | Reached XP level 24. HP: 227/227 MP: 20/54
    27 | D        | Killed a destroyer
    27 | D        | Noticed a destroyer
    28 | D        | Reached XP level 25. HP: 234/234 MP: 20/54
    29 | D        | Noticed The Servant
    29 | D        | Killed a large bag of meat
    29 | D        | Noticed a destroyer
    31 | D        | Killed a destroyer
    31 | D        | Reached XP level 26. HP: 156/242 MP: 21/54
    32 | D        | Killed a destroyer
    32 | D        | Reached XP level 27. HP: 249/249 MP: 21/54
    33 | D        | Noticed a destroyer
    35 | D        | Killed a destroyer
    36 | D        | Killed a large bag of meat
    36 | D        | Noticed a destroyer
    36 | D        | Noticed a destroyer
    38 | D        | Noticed a large bag of meat
    40 | D        | Killed a destroyer
    41 | D        | Noticed a destroyer
    41 | D        | Killed a destroyer
    41 | D        | Killed a destroyer
    42 | D        | Noticed a destroyer
    43 | D        | Noticed a destroyer
    44 | D        | Killed a destroyer
    44 | D        | Noticed a destroyer
    46 | D        | Noticed a tyrant
    46 | D        | Noticed a destroyer
    46 | D        | Noticed a tyrant
    47 | D        | Noticed a destroyer
    48 | D        | Killed a destroyer
    48 | D        | Killed a destroyer
    49 | D        | Annihilated by The Servant

Levels and vault maps discovered:
D:        meatsprint

Skill      XL: |  1  2  3  4  5  6  7  8  9 10 11 12 13 14 15 16 17 18 19 20 21 22 23 |
---------------+----------------------------------------------------------------------+-----
Fighting       | 16 18 20 23 24 27 | 27.0
Axes           | 15 16 18 19 21 22 26 27 | 27.0
Armour         | 16 18 20 23 24 27 | 27.0
Dodging        | 14 15 17 18 20 21 25 27 | 27.0
Shields        | 17 19 21 22 24 26 27 | 27.0
Throwing       | 6 14 19 22 27 | 27.0
Stealth        | 8 17 23 27 | 27.0
Unarmed Combat | 6 14 19 22 27 | 27.0
Spellcasting   | 6 14 19 22 27 | 27.0
Invocations    | 7 16 22 26 27 | 27.0

Action                   |  1- 3 |  4- 6 |  7- 9 | 10-12 | 13-15 | 16-18 | 19-21 | 22-24 | 25-27 || total
-------------------------+-------+-------+-------+-------+-------+-------+-------+-------+-------++-------
Melee: Executioner's axe |     1 |       |       |       |     2 |     6 |     3 |     5 |    19 ||    36
Armor: Scale mail        |       |       |       |       |       |       |       |       |     1 ||     1
Dodge: Dodged            |       |       |       |       |     1 |       |       |       |       ||     1
Block: Shield            |       |       |       |       |       |     1 |       |       |     1 ||     2

Table legend:
 A = Non-vault XP
 B = Vault XP
 C = Vault XP percentage of total XP
 D = Non-vault monster count
 E = Vault monster count
 F = Vault count percentage of total count
                 A         B        C        D         E       F
            +---------+---------+-------+---------+---------+-------
      Total | 1245380 |  684384 |  35.5 |      39 |      33 |  45.8
            +---------+---------+-------+---------+---------+-------
          D | 1245380 |  684384 |  35.5 |      39 |      33 |  45.8
            +---------+---------+-------+---------+---------+-------
